 Dungeon Crawl Stone Soup version 0.20.1-1-g8b1a95d (webtiles) character file.

5707 Irenicus the Martial Artist (level 10, -6/86 HPs)
             Began as a Deep Dwarf Monk on Oct 15, 2017.
             Was an Elder of Makhleb.
             Mangled by an orc warrior
             ... wielding a +0 halberd
              (21 damage)
             ... on level 9 of the Dungeon.
             The game lasted 00:37:55 (7627 turns).

Irenicus the Martial Artist (Deep Dwarf Monk)       Turns: 7627, Time: 00:37:56

Health: -6/86      AC: 11    Str: 14    XL:     10   Next: 48%
Magic:  6/7        EV: 13    Int: 12    God:    Makhleb [****..]
Gold:   543        SH:  4    Dex: 18    Spells: 8/9 levels left

rFire    . . .     SeeInvis .     - Unarmed
rCold    . . .     Gourm    .   (no shield)
rNeg     . . .     Faith    .   z - +0 leather armour {rPois}
rPois    +         Spirit   .   (no helmet)
rElec    .         Reflect  +   (no cloak)
rCorr    .         Harm     .   (no gloves)
MR       ++...                  D - +2 pair of boots
Stlth    +++++.....             d - +4 amulet of reflection
Regen    0.0/turn               A - ring of stealth
MPRegen  0.1/turn               (no ring)

@: confusing touch, non-regenerating
A: damage resistance, heal wounds, molten scales 1, rugged brown scales 1, thin
metallic scales 1, magic resistance 1, sense surroundings 2, no regeneration
a: Heal Wounds, Minor Destruction, Lesser Servant of Makhleb, Major Destruction,
Renounce Religion


You were on level 9 of the Dungeon.
You worshipped Makhleb.
Makhleb was greatly pleased with you.
You were not hungry.

You visited 2 branches of the dungeon, and saw 10 of its levels.
You also visited: Sewer.

You collected 543 gold pieces.

Inventory:

Hand Weapons
 k - a +0 war axe of venom
 y - a +1 vampiric dagger
Missiles
 F - 3 throwing nets (quivered)
Armour
 x - a +2 helmet
 z - a +0 leather armour of poison resistance (worn)
 D - a +2 pair of boots (worn)
Jewellery
 d - a +4 amulet of reflection (around neck)
 h - an uncursed ring of ice
 A - a ring of stealth (left hand)
Wands
 B - a wand of lightning (8/15)
Scrolls
 c - 12 scrolls of identify
 i - a scroll of fog
 j - 5 scrolls of fear
 l - a scroll of recharging {unknown}
 p - a scroll of blinking {unknown}
 q - 4 scrolls of teleportation
 r - 3 scrolls of remove curse
 s - a scroll of immolation
 t - a scroll of enchant weapon {unknown}
 u - a scroll of enchant armour {unknown}
 v - a scroll of random uselessness {unknown}
 C - a scroll of vulnerability {unknown}
 G - a scroll of amnesia
Potions
 a - a potion of magic
 f - 3 potions of haste
 m - a potion of lignification
 o - 5 potions of curing
Books
 e - a book of Cantrips

   Spells                             Type                      Level
   a - Confusing Touch                Hexes                        1
   b - Animate Skeleton               Necromancy                   1
   c - Summon Small Mammal            Summoning                    1
   d - Apportation                    Translocation                1
 E - a book of Misfortune

   Spells                             Type                      Level
   a - Confusing Touch                Hexes                        1
   b - Confuse                        Hexes                        3
   c - Gell's Gravitas                Translocation                3
   d - Petrify                        Transmutation/Earth          4
   e - Metabolic Englaciation         Hexes/Ice                    5
   f - Yara's Violent Unravelling     Hexes/Transmutation          5
Comestibles
 b - 11 bread rations
 g - a chunk of flesh
 n - 7 fruits
 w - 7 meat rations


   Skills:
 - Level 3.0 Fighting
 - Level 3.2 Armour
 - Level 3.2 Dodging
 - Level 8.2 Stealth
 + Level 11.2 Unarmed Combat
 - Level 6.2 Hexes


You had 8 spell levels left.
You knew the following spells:

 Your Spells              Type           Power        Failure   Level  Hunger
a - Confusing Touch       Hex            ###...       3%          1    ##.....


Dungeon Overview and Level Annotations

Branches:
Dungeon (9/15)             Temple (1/1) D:4            Lair (0/6) D:8
    Orc (0/2) D:9

Altars:
Ashenzari
Cheibriados
Dithmenos
Elyvilon
Fedhas
Gozag
Hepliaklqana
Kikubaaqudgha
Makhleb
Nemelex Xobeh
Okawaru
Qazlal
Ru
Sif Muna
Trog
Uskayaw
Vehumet
Xom
Yredelemnul
Zin
The Shining One

Shops:
D:5 *   D:8 ?

Annotations:
D:3 ZaListios's ghost, weakling HuCj
D:8 exclusion: two-headed ogre


Innate Abilities, Weirdness & Mutations

You are resistant to damage.
You can heal yourself by infusing magical energy.
You passively map the area around you.
You do not regenerate.
You are partially covered in molten scales. (AC +2)
You are partially covered in rugged brown scales. (AC +1, +3% HP)
You are partially covered in thin metallic scales. (AC +2)
You are resistant to hostile enchantments. (MR+)


Message History

The big kobold is killed!
Makhleb accepts your kill.
You feel better.
The two-headed ogre closely misses the big kobold.
The two-headed ogre hits the big kobold with a giant spiked club!!
The big kobold is killed!
Makhleb accepts your kill.
You feel better.
The orc warrior hits you from afar with a halberd!
The two-headed ogre seems less confused.
The orc warrior hits you from afar with a halberd!
Casting: Confusing Touch
Confirm with . or Enter, or press ? or * to list all spells.
Your hands begin to glow red.
You closely miss the orc warrior.
You punch the orc warrior, but do no damage.
The orc warrior hits you with a dire flail!!
* * * LOW HITPOINT WARNING * * *
The orc warrior hits you from afar with a halberd!!
You die...

.......# #...# #.# #.........
.......# #...# #.# #.[.......
.......# #...# #.# #.........
.......# #...# #.# #.........
.......# #...# #.# #.........
.......# #...# #.#####.........
.......# #...####...............
.......# #......................
.......####.....@o...............
..............####oo.............
............>.# #...............
........####..# #...............
.#####..# #..# #oO..........≈≈≈ .
#..# #..# #............≈## . #..#
#..# #............≈#. #..# #..#
#)...........≈#. * #..# #..#
#............≈#.


You could see 3 orc warriors.

Vanquished Creatures
  A merfolk (D:9)
  A hippogriff (D:9)
  A wyvern (D:8)
  A steam dragon (D:8)
  Edmund (D:4)
  Purgy (Sewer)
  2 black bears
  6 orc warriors
  3 ice beasts
  3 sky beasts (D:9)
  7 ogres
  A necrophage (D:5)
  4 centaurs
  3 big kobolds
  2 bullfrogs
  3 scorpions
  A wyvern skeleton (D:7)
  2 howler monkeys
  11 wights
  2 vampire bats (D:7)
  2 crimson imps (D:5)
  3 jellies
  7 orc priests
  4 hounds
  A gnoll shaman (D:6)
  4 bullfrog skeletons
  6 worker ants
  5 orc wizards
  6 iguanas
  2 killer bee zombies
  A howler monkey zombie (D:5)
  Robin (D:4)
  13 gnolls
  12 adders
  3 oozes
  An adder zombie (D:8)
  2 adder skeletons (D:4)
  A worm (D:2)
  A dart slug (D:1)
  4 leopard geckos
  36 orcs
  4 ball pythons
  5 bat skeletons (D:7)
  4 giant cockroaches
  18 goblins
  16 hobgoblins
  10 jackals
  24 kobolds
  A quokka (D:4)
  5 bats
  10 frilled lizards
  A leopard gecko zombie (D:8)
  4 rats
273 creatures vanquished.

Notes
Turn   | Place    | Note
-------+----------+-------------------------------------------
     0 | D:1      | Irenicus the Deep Dwarf Monk began the quest for the Orb.
     0 | D:1      | Reached XP level 1. HP: 20/20 MP: 1/1
   121 | D:1      | Reached skill level 3 in Unarmed Combat
   144 | D:1      | Reached XP level 2. HP: 13/27 MP: 2/2
   548 | D:1      | Reached XP level 3. HP: 17/33 MP: 3/3
   793 | D:2      | Found an iron altar of Okawaru.
  1218 | D:2      | Found a hazy altar of Hepliaklqana.
  1328 | D:2      | Found a shattered altar of Ashenzari.
  1380 | D:2      | Reached skill level 4 in Unarmed Combat
  1380 | D:2      | Reached XP level 4. HP: 11/42 MP: 4/4
  1692 | D:3      | Noticed ZaListios's ghost (weakling HuCj)
  1843 | D:4      | Reached XP level 5. HP: 17/49 MP: 5/5
  1889 | D:4      | Found a glowing drain.
  1903 | D:4      | Reached skill level 5 in Unarmed Combat
  1913 | Sewer    | Entered a sewer
  1937 | Sewer    | Noticed Purgy
  1964 | Sewer    | Killed Purgy
  2156 | D:4      | Reached XP level 6. HP: 47/56 MP: 6/6
  2231 | D:4      | Reached skill level 6 in Unarmed Combat
  2321 | D:4      | Noticed Edmund
  2338 | D:4      | Noticed Robin
  2355 | D:4      | Killed Robin
  2542 | D:4      | Found a sacrificial altar of Ru.
  2576 | D:4      | Reached skill level 7 in Unarmed Combat
  2576 | D:4      | Reached XP level 7. HP: 44/62 MP: 7/7
  2591 | D:4      | Found a white marble altar of Elyvilon.
  2914 | D:4      | Killed Edmund
  3176 | D:4      | Found a staircase to the Ecumenical Temple.
  3189 | Temple   | Entered the Ecumenical Temple
  3277 | D:4      | Reached skill level 8 in Unarmed Combat
  3475 | D:5      | Entered Level 5 of the Dungeon
  3475 | D:5      | Found Yban's General Store.
  3727 | D:5      | Found a glowing silver altar of Zin.
  3811 | D:5      | Reached XP level 8. HP: 33/68 MP: 7/7
  3816 | D:5      | Reached skill level 9 in Unarmed Combat
  4661 | D:6      | Reached skill level 10 in Unarmed Combat
  4731 | D:6      | Found a blossoming altar of Fedhas.
  4736 | D:6      | Found a stormy altar of Qazlal.
  4966 | D:6      | Found a snail-covered altar of Cheibriados.
  5150 | D:7      | Gained mutation: You passively map the area around you. [Deep Dwarf growth]
  5150 | D:7      | Reached XP level 9. HP: 35/75 MP: 7/7
  5157 | D:7      | Learned a level 1 spell: Confusing Touch
  5203 | D:7      | Reached skill level 11 in Unarmed Combat
  5321 | D:6      | Reached skill level 1 in Hexes
  5536 | D:7      | Found a burning altar of Makhleb.
  5537 | D:7      | Noticed a balrug
  5541 | D:7      | Noticed an orange demon
  5543 | D:7      | Became a worshipper of Makhleb the Destroyer
  5543 | D:7      | Reached * piety under Makhleb
  5543 | D:7      | Reached ** piety under Makhleb
  5667 | D:7      | Found an ancient bone altar of Kikubaaqudgha.
  5898 | D:8      | Reached skill level 5 in Hexes
  6065 | D:8      | Found a staircase to the Lair.
  6133 | D:8      | Found Jirozarr's Magic Scroll Boutique.
  6136 | D:8      | Noticed a two-headed ogre
  6317 | D:8      | Reached *** piety under Makhleb
  6506 | D:9      | Noticed a merfolk
  6513 | D:9      | HP: 1/75 [merfolk/spear (8)]
  6559 | D:9      | Killed a merfolk
  6559 | D:9      | Reached XP level 10. HP: 56/84 MP: 5/7
  6608 | D:9      | Reached skill level 5 in Stealth
  6946 | D:9      | Gained mutation: You are partially covered in molten scales. (AC +2) [mutagenic meat]
  6947 | D:9      | Gained mutation: You have a pair of small horns on your head. [mutagenic meat]
  7000 | D:9      | Gained mutation: You are resistant to hostile enchantments. (MR+) [mutagenic meat]
  7001 | D:9      | Gained mutation: You are dopey. (Int -2) [mutagenic meat]
  7002 | D:9      | Gained mutation: You are highly resistant to hostile enchantments. (MR++) [mutagenic meat]
  7003 | D:9      | Gained mutation: You are partially covered in thin metallic scales. (AC +2) [mutagenic meat]
  7004 | D:9      | Gained mutation: Your muscles are strong. (Str +2) [mutagenic meat]
  7011 | D:9      | Lost mutation: Your muscles are strong. (Str +2) [potion of mutation]
  7011 | D:9      | Lost mutation: You are dopey. (Int -2) [potion of mutation]
  7011 | D:9      | Lost mutation: You have a pair of small horns on your head. [potion of mutation]
  7011 | D:9      | Lost mutation: You are highly resistant to hostile enchantments. (MR++) [potion of mutation]
  7011 | D:9      | Gained mutation: You are partially covered in rugged brown scales. (AC +1, +3% HP) [potion of mutation]
  7011 | D:9      | Gained mutation: You are clumsy. (Dex -2) [potion of mutation]
  7011 | D:9      | Lost mutation: You are clumsy. (Dex -2) [potion of mutation]
  7178 | D:9      | Reached **** piety under Makhleb
  7261 | D:9      | Reached skill level 1 in Armour
  7544 | D:9      | Found a staircase to the Orcish Mines.
  7588 | D:9      | Noticed a two-headed ogre
  7627 | D:9      | Mangled by an orc warrior

Skill      XL: |  1  2  3  4  5  6  7  8  9 10 |
---------------+-------------------------------+-----
Unarmed Combat | 3 4 5 7 8 10 11 | 11.2
Stealth        | 3 4 8 |  8.2
Fighting       | 3 |  3.0
Hexes          | 6 |  6.2
Armour         | 3 |  3.2
Dodging        | |  3.2

Action                   |  1- 3 |  4- 6 |  7- 9 | 10-12 || total
-------------------------+-------+-------+-------+-------++-------
Melee: Unarmed           |   148 |   280 |   516 |   211 ||  1155
       Punch             |       |     8 |    30 |    17 ||    55
       Headbutt          |       |       |       |     2 ||     2
Throw: Throwing net      |       |       |     2 |       ||     2
 Cast: Confusing Touch   |       |       |    35 |    44 ||    79
 Abil: Heal Wounds       |     1 |     5 |    22 |     2 ||    30
  Use: Potion            |       |     5 |     8 |     2 ||    15
       Scroll            |       |     3 |     7 |     1 ||    11
 Stab: Sleeping          |    12 |     4 |     9 |     2 ||    27
       Confused          |       |       |    24 |    27 ||    51
  Eat: Chunk             |     2 |     4 |    12 |    14 ||    32
       Fruit             |       |       |     2 |       ||     2
Armor: Robe              |     8 |    21 |    14 |       ||    43
       Skin              |       |    18 |    16 |       ||    34
       Leather armour    |       |       |    43 |    34 ||    77
Dodge: Dodged            |    72 |   182 |   237 |    66 ||   557
Block: Other             |       |    18 |    64 |    18 ||   100
       Reflection        |       |     3 |     2 |     2 ||     7
